AoeStats
← Sekai Doggo

Arabia

507355739Analyzed
2v2 RM · 14d ago on Sep 17, 2026· 50m 52s· 4 players
Game mode
Random Map
Map size
Medium (4 player)
Population
200
Speed
Normal
Resources
Standard
Victory
Conquest
Starting age
Dark Age
Ending age
Imperial Age
RankedLock teamsTeams togetherTeam positionsShared explorationLock speedFull tech treeHidden civsTurbo modeCheats
Victory
Defeat
🇺🇸 Aztecs · United States
1241
+13
🇵🇪 Huns · Peru
1197
+15
🇨🇱 Maya · Chile
1182
-14
🇨🇱 Persians · Chile
1182
-14
Sekai Doggo
0:25 Loom
8:53 Feudal Age
11:16 Double-Bit Axe
12:34 Fletching
12:38 Horse Collar
23:55 Castle Age
22:31 Scale Mail Armor
22:48 Gold Mining
23:47 Padded Archer Armor
24:38 Bodkin Arrow
24:04 Crossbowman
25:04 Bow Saw
25:55 Ballistics
26:28 Heavy Plow
28:23 Leather Archer Armor
30:52 Thumb Ring
34:23 Wheelbarrow
40:30 Imperial Age
38:34 Pikeman
39:27 Forging
41:18 Bracer
43:42 Arbalester
46:38 Halberdier
Mago
6:32 Loom
9:05 Feudal Age
10:02 Double-Bit Axe
10:01 Horse Collar
25:28 Castle Age
24:08 Scale Barding Armor
24:57 Forging
26:13 Bloodlines
26:06 Husbandry
26:56 Heavy Plow
30:14 Chain Barding Armor
30:35 Wheelbarrow
33:38 Hand Cart
36:47 Gold Mining
42:49 Imperial Age
44:31 Cavalier
45:39 Cavalier
45:43 Heavy Camel Rider
47:05 Crop Rotation
Pinchost
7:58 Loom
10:10 Feudal Age
12:41 Scale Barding Armor
13:59 Bloodlines
15:07 Forging
17:00 Double-Bit Axe
21:40 Castle Age
19:46 Gold Mining
20:39 Fletching
21:52 Padded Archer Armor
22:30 Bodkin Arrow
22:55 Bow Saw
24:12 Husbandry
24:51 Iron Casting
27:06 Thumb Ring
28:44 Wheelbarrow
29:46 Hand Cart
30:04 Leather Archer Armor
29:50 Horse Collar
31:24 Chain Barding Armor
32:04 Ballistics
33:46 Stone Mining
34:35 Gold Shaft Mining
42:51 Imperial Age
42:59 Cavalier
44:16 Plate Barding Armor
44:42 Blast Furnace
44:07 Heavy Plow
44:34 Conscription
45:36 Chemistry
44:52 Paladin
50:10 Elite Tarkan
BayofDeath1
5:36 Loom
10:50 Feudal Age
13:50 Forging
18:41 Scale Mail Armor
23:17 Horse Collar
25:39 Castle Age
24:20 Wheelbarrow
23:38 Gold Mining
24:30 Double-Bit Axe
26:31 Squires
25:55 Eagle Warrior
28:25 Chain Mail Armor
28:14 Arson
29:27 Bow Saw
30:34 Gold Shaft Mining
30:32 Pikeman
35:26 Iron Casting
38:48 Heavy Plow
38:44 Stone Mining
41:51 Stone Shaft Mining
45:58 Imperial Age
46:00 Elite Eagle Warrior
47:17 Plate Mail Armor
47:47 Blast Furnace
48:18 Conscription
49:18 Crop Rotation
50:33 Garland Wars
Connection lost

Rejoining the realm…

Still unreachable

The connection could not be restored.

Session expired

The server has moved on; the page needs a fresh start.